 Dungeon Crawl Stone Soup version 0.30-a0-728-gc68057be0a (webtiles) character file.

Game seed: 12034458886751979638

196 Legacy the Trooper (level 5, -6/78 HPs)
             Began as a Minotaur Berserker on Jan 31, 2023.
             Was a Believer of Trog.
             Mangled by a gnoll sergeant
             ... wielding a +0 spear
              (8 damage)
             ... on level 3 of the Dungeon.
             The game lasted 00:04:48 (2028 turns).

Legacy the Trooper (Minotaur Berserker)             Turns: 2028, Time: 00:04:49

Health: -6/78      AC:  5    Str: 23    XL:     5   Next: 45%
Magic:  4/4        EV: 11    Int:  4    God:    Trog [**....]
Gold:   158        SH:  0    Dex: 10    Spells: 4/4 levels left

rFire   . . .      SeeInvis .    l - +0 war axe
rCold   . . .      Faith    .    (no shield)
rNeg    . . .      Spirit   .    f - +0 ring mail
rPois   .          Reflect  .    (helmet restricted)
rElec   .          Harm     .    (no cloak)
rCorr   .          Rampage  .    (no gloves)
Will    .....                    (no boots) Stlth
                                 (no amulet)
HPRegen 0.33/turn                d - ring of flight
MPRegen 0.09/turn                (no ring)

@: berserking, flying, very quick
A: horns 2, retaliatory headbutt
a: Renounce Religion, Berserk, Trog's Hand


You were on level 3 of the Dungeon.
You worshipped Trog.
Trog was pleased with you.
You visited 1 branch of the dungeon, and saw 3 of its levels.

You collected 158 gold pieces.

Inventory:

Hand Weapons
 l - a +0 war axe (weapon)
Armour
 f - a +0 ring mail (worn)
Jewellery
 d - a ring of flight (left hand)
 i - a ring of ice
Scrolls
 a - a scroll of immolation {unknown}
 b - a scroll of identify {unknown}
 e - 2 scrolls of amnesia {unknown}
 g - a scroll of enchant weapon {unknown}
Potions
 c - a potion of lignification {unknown}
 h - a potion of berserk rage {unknown}
 j - a potion of haste {unknown}
 k - a potion of ambrosia {unknown}


   Skills:
 + Level 7.5 Fighting
 - Level 3.6 Axes
 - Level 2.4 Armour
 - Level 2.1 Dodging


You had 4 spell levels left.
You didn't know any spells.
Your spell library was empty.

Dungeon Overview and Level Annotations

Branches:
Dungeon (3/15)

Altars:

Shops:
D:3 =


Innate Abilities, Weirdness & Mutations

You have a pair of horns on your head.
You reflexively headbutt those who attack you in melee.


Message History

You closely miss the gnoll. You headbutt the gnoll.
You kill the gnoll!
Trog accepts your kill.
You hit the gnoll but do no damage. You slash the gnoll! You hit the gnoll.
The gnoll closely misses you. The gnoll hits you with a +0 spear.
The gnoll sergeant hits you from afar with a +0 spear.
The gnoll hits you with a +0 club. The gnoll attacks as you move away!
The gnoll hits you with a +0 club.
The gnoll sergeant hits you from afar with a +0 spear.
Things that are here:
a +1 spear of venom; a gnoll corpse You barely miss the gnoll.
You slash the gnoll! You hit the gnoll but do no damage.
The gnoll hits you with a +0 club. The gnoll sergeant misses you.
The gnoll hits you but does no damage. The gnoll hits you with a +0 club.
The gnoll closely misses you. You furiously retaliate!
You headbutt the gnoll.
You kill the gnoll!
Trog accepts your kill. The gnoll hits you with a +0 spear.
The gnoll hits you with a +0 club.
* * * LOW HITPOINT WARNING * * *
The gnoll sergeant hits you from afar with a +0 spear.
* * * LOW HITPOINT WARNING * * *
You hit the gnoll.
The gnoll is heavily wounded.
You closely miss the gnoll. The gnoll barely misses you.
The gnoll sergeant hits you from afar with a +0 spear!
* * * LOW HITPOINT WARNING * * *
The gnoll closely misses you.
A red film seems to cover your vision as you go berserk!
You feel yourself moving faster!
You feel mighty! The gnoll closely misses you. You furiously retaliate!
You headbutt the gnoll.
You kill the gnoll!
Trog accepts your kill. The gnoll sergeant barely misses you.
The gnoll hits you with a +0 spear.
* * * LOW HITPOINT WARNING * * *
You slash the gnoll!
You kill the gnoll!
Trog accepts your kill.
The gnoll sergeant hits you from afar with a +0 spear!
You die...

#.)....# #......#
#......# #......#
#......# ######......#
#.....#######
#.....################
#.......##....)@)....#
#.....#.##....)......#
#.....#.##.....g.....#
##.....#.##...#########
.>.....#.##...#
#####..#.##...# ###.
#..#.##...###..:..
#†.#.##.......#
#..#.##....####


You could see a gnoll sergeant.

Vanquished Creatures
  7 gnolls
  6 adders
  3 dart slugs (D:1)
  An orc (D:3)
  7 endoplasms
  2 giant cockroaches (D:1)
  4 goblins
  9 hobgoblins
  10 jackals
  3 kobolds
  2 quokkas (D:2)
  6 ball pythons
  8 bats
  6 frilled lizards
  4 rats
78 creatures vanquished.

Notes
Turn   | Place    | Note
-------+----------+-------------------------------------------
     0 | D:1      | Legacy the Minotaur Berserker began the quest for the Orb.
     0 | D:1      | Reached XP level 1. HP: 19/19 MP: 0/0
    69 | D:1      | Found a faded altar of an unknown god.
   115 | D:1      | Reached skill level 4 in Fighting
   135 | D:1      | Reached XP level 2. HP: 13/28 MP: 1/1
   334 | D:1      | Reached skill level 5 in Fighting
   494 | D:1      | Reached XP level 3. HP: 36/36 MP: 2/2
   696 | D:1      | Reached ** piety under Trog
  1039 | D:2      | Reached XP level 4. HP: 12/44 MP: 3/3
  1193 | D:2      | Reached skill level 6 in Fighting
  1628 | D:3      | Found Ofel Ewa's Jewellery Emporium.
  1779 | D:3      | Reached skill level 7 in Fighting
  1779 | D:3      | Reached XP level 5. HP: 35/52 MP: 4/4
  2027 | D:3      | HP: 2/78 [gnoll/+0 spear[a gnoll sergeant] (5)]
  2028 | D:3      | Mangled by a gnoll sergeant

Illustrated notes

Levels and vault maps discovered:
D:1:      psy_arrival_spokes, layout_loops_ring,
          chequers_ecumenical_altar_island, minmay_small_reverse_x
D:2:      layout_basic
D:3:      layout_basic, ebering_ghost_inner_flame, serial_shops, shop_fountains,
          kennysheep_generic_room_11, uniq_jessica

Skill      XL: |  1  2  3  4 |
---------------+-------------+-----
Fighting       | 4 5 7 |  7.5
Axes           | |  3.6
Armour         | |  2.4
Dodging        | |  2.1

Action                     |  1- 3 |  4- 6 || total
---------------------------+-------+-------++-------
  Melee: Hand axe          |    67 |    33 ||   100
         Headbutt          |    10 |     8 ||    18
         Punch             |     1 |       ||     1
         War axe           |       |    24 ||    24
 Invoke: Berserk           |     1 |     1 ||     2
 Armour: Animal skin       |    11 |       ||    11
         Ring mail         |    11 |    36 ||    47
  Dodge: Dodged            |    66 |    75 ||   141

Table legend: (Time is in decaauts)
 A = Elapsed time spent in this place.
 B = Non-inter-level travel time spent in this place.
 C = Inter-level travel time spent in this place.
 D = Time resting spent in this place.
 E = Time spent auto-exploring this place.
 F = Levels seen in this place.
 G = Mean time per level.
                   A        B        C        D        E       F      G
               +--------+--------+--------+--------+--------+-----+--------+
         Total |   2056 |   1813 |    243 |    273 |      0 |   3 |  685.3 |
       Dungeon |   2056 |   1813 |    243 |    273 |      0 |   3 |  685.3 |
               +--------+--------+--------+--------+--------+-----+--------+

Top non-repeatable levels by time:
     D:1: 939 daAuts
     D:2: 655 daAuts
     D:3: 462 daAuts
